 Dungeon Crawl Stone Soup version 0.22-a0-542-gce4f928 (webtiles) character file.

79 kae the Insei (level 4, -2/33 HPs)
             Began as a Demonspawn Transmuter on June 24, 2018.
             Slain by a kobold (3 damage)
             ... on level 3 of the Dungeon.
             The game lasted 00:01:29 (2132 turns).

kae the Insei (Demonspawn Transmuter)               Turns: 2132, Time: 00:01:30

Health: -2/33      AC:  3    Str: 10    XL:     4   Next: 17%
Magic:  7/7        EV: 12    Int: 15    God:
Gold:   126        SH:  0    Dex: 16    Spells: 1/7 levels left

rFire    . . .     SeeInvis .   q - +0 falchion
rCold    . . .     Gourm    .   (no shield)
rNeg     . . .     Faith    .   h - +0 leather armour
rPois    .         Spirit   .   (no helmet)
rElec    .         Reflect  .   (no cloak)
rCorr    .         Harm     .   (no gloves)
MR       .....                  (no boots)
Stlth    +.........             (no amulet)
HPRegen  0.11/turn              (no ring)
MPRegen  0.10/turn              (no ring)

@: lethally poisoned (-2 -> -7)
A: hooves 2, thin skeletal structure 1
a: no special abilities


You were on level 3 of the Dungeon.
You were not hungry.

You visited 1 branch of the dungeon, and saw 3 of its levels.

You collected 126 gold pieces.

Inventory:

Hand Weapons
 q - a +0 falchion (weapon)
Missiles
 a - 48 arrows
Armour
 b - a +0 robe
 h - a +0 leather armour (worn)
Wands
 l - a wand of polymorph (10)
 m - a wand of clouds (5)
Scrolls
 f - 7 scrolls of identify {unknown}
 g - a scroll of fog {unknown}
 j - a scroll of enchant weapon {unknown}
 o - a scroll of teleportation {unknown}
 p - a scroll of enchant armour {unknown}
Potions
 c - 2 potions of cancellation {unknown}
 e - 2 potions of curing {unknown}
 i - a potion of agility {unknown}
 k - 2 potions of heal wounds {unknown}
 n - a potion of flight {unknown}
Comestibles
 d - 7 rations
 r - 2 chunks of flesh


   Skills:
 + Level 1.6 Fighting
 + Level 0.6 Armour
 - Level 1.7 Dodging
 * Level 3.4 Unarmed Combat
 + Level 2.4 Spellcasting
 * Level 2.6 Transmutations


You had one spell level left.
You knew the following spells:

 Your Spells              Type           Power        Failure   Level  Hunger
a - Beastly Appendage     Tmut           #.....       10%         1    #......
b - Sticks to Snakes      Tmut           #.......     14%         2    ###....
c - Spider Form           Tmut/Pois      #.........   45%         3    ###....

Your spell library contained the following spells:

 Spells                   Type           Power        Failure   Level  Hunger
 Blade Hands              Tmut           #.........   95%         5    ######.
 Ice Form                 Ice/Tmut       #.......     86%         4    #####..


Dungeon Overview and Level Annotations

Branches:
Dungeon (3/15)

Altars:


Innate Abilities, Weirdness & Mutations

You have hoof-like feet.
You have a somewhat thin skeletal structure. (Dex +2, Stealth)


Message History

You hit the kobold.
The kobold is severely wounded.
You feel sick. The kobold hits you.
* * * LOW HITPOINT WARNING * * *
The kobold barely misses you.
You miss the kobold. Your kick misses the kobold.
The kobold is heavily wounded.
* * * LOW HITPOINT WARNING * * *
You feel sick. The kobold hits you.
* * * LOW HITPOINT WARNING * * *
You barely miss the kobold. Your kick misses the kobold.
The kobold is heavily wounded.
* * * LOW HITPOINT WARNING * * *
You feel sick. The kobold barely misses you.
You closely miss the kobold. You kick the kobold.
The kobold is severely wounded.
The kobold hits you.
* * * LOW HITPOINT WARNING * * *
The kobold hits you.
You die...

##.##. ## #.....
. #...#.##.##
##......#..#...
......(<.......
#####...####...##
####.#.#####...#
#..............#
#..###..@K###(.
#.#...#..#...#
...#.⌠.#.!# ⌠.#
## #...#≈≈# ?#
.≈###≈≈≈≈ ≈. #..
≈≈≈≈≈≈ .# ..
≈≈≈≈≈≈ . ##≈≈≈≈#


You could see a kobold.

Vanquished Creatures
  3 adders
  A gnoll (D:1)
  An ooze (D:3)
  2 dart slugs (D:1)
  2 leopard geckos
  4 bats
  8 goblins
  6 hobgoblins (D:1)
  2 kobolds (D:1)
  A frilled lizard (D:1)
  A rat (D:2)
31 creatures vanquished.

Vanquished Creatures (collateral kills)
  A giant cockroach (D:2)
  A frilled lizard (D:2)
2 creatures vanquished.

Grand Total: 33 creatures vanquished

Notes
Turn   | Place    | Note
-------+----------+-------------------------------------------
     0 | D:1      | kae the Demonspawn Transmuter began the quest for the Orb.
     0 | D:1      | Reached XP level 1. HP: 15/15 MP: 3/3
   624 | D:1      | Gained mutation: You have large cloven feet. [demonic ancestry]
   624 | D:1      | Reached XP level 2. HP: 16/21 MP: 5/5
   739 | D:1      | Reached skill level 3 in Unarmed Combat
   957 | D:1      | Learned a level 2 spell: Sticks to Snakes
  1012 | D:1      | Gained mutation: You have hoof-like feet. [demonic ancestry]
  1012 | D:1      | Reached XP level 3. HP: 26/26 MP: 6/6
  1030 | D:1      | Learned a level 3 spell: Spider Form
  2103 | D:3      | Gained mutation: You have a somewhat thin skeletal structure. (Dex +2, Stealth) [demonic ancestry]
  2103 | D:3      | Reached XP level 4. HP: 26/32 MP: 7/7
  2132 | D:3      | HP: 1/33 [kobold (2)]
  2132 | D:3      | Slain by a kobold

Vault maps used:
D:1:      tarquinn_simple_flora_water_b, corexii_hall_statues_u,
          serial_park_tiny_1, hex_medium, minmay_close_crescents
D:3:      marbit_many_paths, first_ration, fountainhead

Skill      XL: |  1  2 |
---------------+-------+-----
Transmutations | 2 |  2.6
Unarmed Combat | 3 |  3.4
Fighting       | |  1.6
Armour         | |  0.6
Dodging        | |  1.7
Spellcasting   | |  2.4

Action                   |  1- 3 |  4- 6 || total
-------------------------+-------+-------++-------
Melee: Unarmed           |    99 |       ||    99
       Headbutt          |     7 |       ||     7
       Punch             |     1 |       ||     1
       Kick              |    14 |     3 ||    17
       Falchion          |    14 |    12 ||    26
 Cast: Beastly Appendage |    13 |       ||    13
       Sticks to Snakes  |     3 |       ||     3
  Eat: Chunk             |     3 |     1 ||     4
Armor: Robe              |     3 |       ||     3
       Leather armour    |    31 |     3 ||    34
Dodge: Dodged            |    69 |     4 ||    73
       Rpst.: Falchion   |     1 |       ||     1

Table legend:
 A = Spawn XP
 B = Non-spawn XP
 C = Spawn XP percentage of total XP
 D = Spawn monster count
 E = Non-spawn monster count
 F = Spawn count percentage of total count
 G = Total turns spent on level
                    A         B        C        D         E        F      G
               +---------+---------+-------+---------+---------+-------+---------
         Total |       0 |     114 |   0.0 |       0 |      33 |   0.0 |  2132
               +---------+---------+-------+---------+---------+-------+---------
           D:1 |       0 |      48 |   0.0 |       0 |      17 |   0.0 |  1374
           D:2 |       0 |      41 |   0.0 |       0 |      11 |   0.0 |   713
           D:3 |       0 |      25 |   0.0 |       0 |       5 |   0.0 |    45
               +---------+---------+-------+---------+---------+-------+---------
